 Dungeon Crawl Stone Soup version 0.28-a0-1389-gc726bef33b (webtiles) character file.

Game seed: 18403437228012843231

3176 avis the Insei (level 9, -3/61 HPs)
             Began as an Octopode Transmuter on Jan 4, 2022.
             Was an Initiate of Gozag.
             Slain by a troll (15 damage)
             ... on level 7 of the Dungeon.
             The game lasted 00:43:49 (8357 turns).

avis the Insei (Octopode Transmuter)                Turns: 8357, Time: 00:43:57

Health: -3/61      AC:  1    Str: 17    XL:     9   Next: 95%
Magic:  16/16      EV: 15    Int: 15    God:    Gozag
Gold:   724        SH:  0    Dex: 15    Spells: 8/18 levels left

rFire   x . .      SeeInvis .   a - +9 hand axe "Jiazxos" {freeze, Str+6 Stlth+}
rCold   + . .      Faith    .   g - +2 buckler
rNeg    + . .      Spirit   .   (helmet currently unavailable)
rPois   .          Reflect  .   (no amulet)
rElec   .          Harm     .   s - ring of positive energy
rCorr   .          Rampage  .   x - ring of ice
Will    .....                   (no ring)
Stlth   +++.......              (no ring)
HPRegen 0.20/turn               (no ring)
MPRegen 0.15/turn               (no ring)
                                (no ring)
                                (no ring)

@: confused, appendages (expiring)
A: tentacle spike 3, almost no armour, amphibious, 8 rings, camouflage 1,
gelatinous body 1, (nimble swimmer 1), tentacles
a: End Transformation, Renounce Religion, Potion Petition, Call Merchant, Bribe
Branch


You were on level 7 of the Dungeon.
You worshipped Gozag.
Gozag was pleased with you.
One of your tentacles had grown a beastly spike.
You visited 2 branches of the dungeon, and saw 8 of its levels.

You collected 749 gold pieces.
You paid 25 gold pieces to Gozag.

Inventory:

Hand Weapons
 a - the +9 hand axe "Jiazxos" (weapon) {freeze, Str+6 Stlth+}
   (You found it on level 2 of the Dungeon)

   It freezes those it strikes, dealing additional cold damage.
   It can also slow down cold-blooded creatures.
   Str:       It affects your strength (+6).
   Stlth:     It makes you more stealthy.
 u - a +3 hunting sling
 A - the +4 falchion "Beutui Dimp" {venom, rF- rCorr Dex+9 Stlth-}
   (You found it on level 6 of the Dungeon)

   It poisons the flesh of those it strikes.
   Dex:       It affects your dexterity (+9).
   rF:        It makes you vulnerable to fire.
   rCorr:     It protects you from acid and corrosion.
   Stlth:     It makes you less stealthy.
Missiles
 h - 10 sling bullets
 m - 12 poisoned darts
 n - 56 stones
 r - 2 curare-tipped darts
 y - 26 bolts
Armour
 g - a +2 buckler (worn)
Jewellery
 d - a ring of protection from cold
 f - a ring of protection from cold
 s - a ring of positive energy (left tentacle)
 x - a ring of ice (right tentacle)
Wands
 k - a wand of flame (6)
 t - a wand of paralysis (11)
Scrolls
 b - 3 scrolls of immolation {unknown}
 c - a scroll of amnesia {unknown}
 e - a scroll of blinking {unknown}
 i - 6 scrolls of identify {unknown}
 o - 2 scrolls of teleportation {unknown}
 q - 3 scrolls of enchant armour {unknown}
 w - a scroll of silence {unknown}
 z - a scroll of magic mapping {unknown}
 B - a scroll of fog {unknown}
 C - a scroll of noise {unknown}
Potions
 j - a potion of attraction {unknown}
 l - a potion of curing {unknown}
 p - a potion of degeneration {unknown}
 v - 2 potions of heal wounds
 D - a potion of flight {unknown}


   Skills:
 - Level 5.0 Fighting
 - Level 5.0 Dodging
 * Level 4.7 Stealth
 - Level 4.0 Shields
 - Level 7.0 Unarmed Combat
 - Level 5.0 Spellcasting
 - Level 5.0 Transmutations
 - Level 4.0 Ice Magic
 - Level 2.0 Poison Magic


You had 8 spell levels left.
You knew the following spells:

 Your Spells              Type           Power      Damage    Failure   Level
a - Beastly Appendage     Tmut           36%        N/A       1%          1
b - Blink                 Tloc           6%         N/A       24%         2
p - Spider Form           Tmut/Pois      14%        N/A       12%         3
q - Ice Form              Ice/Tmut       25%        N/A       26%         4

Your spell library contained the following spells:

 Spells                   Type           Power      Damage    Failure   Level
 Wereblood                Tmut           18%        N/A       3%          2
 Shock                    Conj/Air       12%        1d3       16%         1
 Scorch                   Fire           6%         2d5       24%         2
 Lesser Beckoning         Tloc           3%         N/A       43%         3
 Swiftness                Air            3%         N/A       43%         3
 Airstrike                Air            1%         N/A       85%         4
 Flame Wave               Conj/Fire      3%         2d4       85%         4
 Manifold Assault         Tloc           3%         N/A       99%         5
 Summon Cactus Giant      Summ           1%         N/A       100%        6


Dungeon Overview and Level Annotations

Branches:
Dungeon (7/15)             Temple (1/1) D:4

Altars:
Ashenzari
Cheibriados
Dithmenos
Elyvilon
Fedhas
Gozag
Hepliaklqana
Kikubaaqudgha
Makhleb
Nemelex Xobeh
Okawaru
Qazlal
Ru
Sif Muna
Trog
Uskayaw
Vehumet
Wu Jian
Xom
Yredelemnul
Zin
The Shining One

Shops:
D:7 *(


Innate Abilities, Weirdness & Mutations

One of your tentacles has grown a beastly spike.
You cannot wear most types of armour.
You are amphibious.
You can wear up to eight rings at the same time.
Your skin changes colour to match your surroundings (Stealth+).
Your rubbery body absorbs attacks. (AC +1, EV +1)
((You are camouflaged when in or above water. (Stealth+)))
You have tentacles for arms and can constrict up to eight enemies at once.


Message History

A troll comes into view.
Found a robe.
The orc wizard shouts!
The troll shouts!
You hear a shout!
An orc warrior comes into view. It is wielding a +0 halberd.
An orc wizard comes into view. It is wielding a +0 dagger.
You see here a scroll labelled XUEDDO NUUKLU.
q - 3 scrolls labelled XUEDDO NUUKLU (gained 1)
The orc wizard casts a spell.
The orc wizard flickers and vanishes!
Deactivating autopickup; reactivate with Ctrl-A.
Something tries to affect you, but you resist.
Things that are here:
a +0 robe; a +0 dagger
Casting: Beastly Appendage (safe; 1% risk of failure)
Confirm with . or Enter, or press ? or * to list all spells.
One of your tentacles grows a vicious spike.
You closely miss the troll.
You pierce the troll, but do no damage.
The troll bites you! The troll claws you. The troll closely misses you.
The troll bites you! You block the troll's attack. x2
You slash the troll! You freeze the troll.
The troll is moderately wounded.
The troll bites you! The troll claws you.
* * * LOW HITPOINT WARNING * * *
The troll claws you!
* * * LOW HITPOINT WARNING * * *
Okay, then.
Casting: Beastly Appendage (safe; 1% risk of failure)
Confirm with . or Enter, or press ? or * to list all spells.
You blink.
There is a stone staircase leading down here.
You feel stable enough to blink again.
Your transformation is almost over.
There is a stone staircase leading up here.
You hear some strange, mumbled words.
You are confused.
In your confused state, you trip and fall back down the stairs.
* * * LOW HITPOINT WARNING * * *
The troll bites you!
You die...
Your body crumbles into a pile of gold.

.............#...#...............
...##.#.#......∩.......#....###..
......#.#.##.#...#.....##...##...
.)...........##.##...######....#.
.....##...............## #.##.#.
........................ ##.##...
........).............#.##..##...
........)..<....T....##.###.##...
................@....##.......>..
#........................#.......
#........................##......
...###..#............##.# #...#..
...# ####...........###.###..##..
...####....##.......##...##..#...
.#........................#....##
.#..[...#..##...................#
........##..#............#.....##


You could see a troll.

Vanquished Creatures
  Sigmund (D:2)
  A steam dragon (D:7)
  3 vampire mosquitoes (D:5)
  An ice beast (D:6)
  6 ogres
  2 phantoms
  2 kobold brigands
  A gnoll sergeant (D:5)
  4 scorpions
  3 bullfrogs
  A water moccasin skeleton (D:5)
  5 wights
  A howler monkey (D:5)
  A bullfrog skeleton (D:5)
  4 jellies
  A centaur skeleton (D:6)
  3 hounds (D:5)
  3 iguanas
  4 orc wizards
  A killer bee zombie (D:7)
  2 hound skeletons (D:4)
  A howler monkey zombie (D:6)
  6 gnolls
  13 adders
  A shadow imp (D:5)
  2 white imps (D:6)
  An ufetubus (D:7)
  An adder skeleton (D:4)
  3 worms
  A dart slug (D:1)
  29 orcs
  11 ball pythons
  9 endoplasms
  2 giant cockroaches (D:1)
  10 goblins
  7 hobgoblins
  6 jackals
  13 kobolds
  4 quokkas
  2 bats
  4 frilled lizards
  5 rats
181 creatures vanquished.

Notes
Turn   | Place    | Note
-------+----------+-------------------------------------------
     0 | D:1      | avis the Octopode Transmuter began the quest for the Orb.
     0 | D:1      | Reached XP level 1. HP: 13/13 MP: 3/3
    16 | D:1      | Reached skill level 1 in Stealth
    37 | D:1      | Reached XP level 2. HP: 10/18 MP: 1/5
   348 | D:1      | Found a faded altar of an unknown god.
   398 | D:1      | Reached skill level 1 in Poison Magic
   532 | D:1      | Reached XP level 3. HP: 24/24 MP: 4/6
   536 | D:1      | Learned a level 3 spell: Spider Form
  1335 | D:2      | Noticed Sigmund
  1356 | D:2      | Killed Sigmund
  1357 | D:2      | Reached XP level 4. HP: 27/31 MP: 4/8
  1357 | D:2      | Reached XP level 5. HP: 31/36 MP: 4/9
  1511 | D:2      | Identified the +9 hand axe "Jiazxos" {freeze, Str+6 Stlth+}
  2365 | D:3      | Reached skill level 4 in Unarmed Combat
  2365 | D:3      | Reached XP level 6. HP: 39/42 MP: 6/10
  2617 | D:3      | Reached skill level 1 in Shields
  3425 | D:3      | Reached XP level 7. HP: 41/46 MP: 11/11
  4260 | D:3      | Learned a level 4 spell: Ice Form
  4407 | D:4      | Found a staircase to the Ecumenical Temple.
  4464 | Temple   | Entered the Ecumenical Temple
  4647 | Temple   | Became a worshipper of Gozag Ym Sagoz the Greedy
  4759 | D:4      | Reached skill level 5 in Unarmed Combat
  5509 | D:5      | Entered Level 5 of the Dungeon
  5515 | D:5      | Reached skill level 1 in Ice Magic
  5523 | D:5      | Reached XP level 8. HP: 27/52 MP: 12/12
  6190 | D:5      | Reached XP level 9. HP: 54/58 MP: 15/15
  6212 | D:5      | Reached skill level 5 in Dodging
  6292 | D:5      | You fall into a shaft and drop 1 floor!
  6292 | D:6      | Found a shimmering altar of Xom.
  6292 | D:6      | Found a sacrificial altar of Ru.
  6292 | D:6      | Found a shimmering blue altar of Sif Muna.
  6292 | D:6      | Found a glowing silver altar of Zin.
  6292 | D:6      | Found an opulent altar of Gozag.
  6292 | D:6      | Found a shadowy altar of Dithmenos.
  6454 | D:6      | Reached skill level 5 in Fighting
  6559 | D:5      | Reached skill level 6 in Unarmed Combat
  6719 | D:5      | Reached skill level 7 in Unarmed Combat
  6822 | D:5      | Learned a level 2 spell: Blink
  7280 | D:6      | Reached skill level 5 in Transmutations
  7516 | D:6      | Identified the +4 falchion "Beutui Dimp" {venom, rF- rCorr
                  | Dex+9 Stlth-}
  7850 | D:7      | Found Ireutuig's Gadget Gallery.
  7919 | D:7      | Found Elureng's Weapon Shoppe.
  8012 | D:7      | Reached skill level 5 in Spellcasting
  8314 | D:7      | Noticed a troll
  8357 | D:7      | Slain by a troll

Illustrated notes

Levels and vault maps discovered:
D:1:      dpeg_arrival_central, layout_rooms, basic_ecumenical_altar
D:2:      layout_loops_cross, uniq_sigmund
D:3:      layout_loops_ring, minmay_goblin_outpost
D:4:      layout_cave_pods, temple_statues
D:5:      layout_cave_pools, minmay_fractal_squares_gapless_5
D:6:      layout_cave_pods, doesnt_xom_only_xom
D:7:      layout_cave_pools, serial_shops, shop, nicolae_shop_gadgets,
          uniq_joseph
Temple:   regret_index_temple_sigil_plot

Skill      XL: |  1  2  3  4  5  6  7  8  9 |
---------------+----------------------------+-----
Stealth        | 2 4 |  4.7
Fighting       | 2 3 4 5 |  5.0
Poison Magic   | 1 2 |  2.0
Transmutations | 3 4 5 |  5.0
Spellcasting   | 3 4 5 |  5.0
Unarmed Combat | 4 5 7 |  7.0
Shields        | 3 4 |  4.0
Ice Magic      | 2 4 |  4.0
Dodging        | 4 5 |  5.0

Action                   |  1- 3 |  4- 6 |  7- 9 || total
-------------------------+-------+-------+-------++-------
Melee: Unarmed           |    70 |    30 |       ||   100
       Kick              |    17 |     6 |    65 ||    88
       Constrict         |    16 |     6 |    47 ||    69
       Tentacles         |     8 |     4 |    30 ||    42
       Punch             |     1 |       |    10 ||    11
       Hand axe          |       |    21 |   194 ||   215
 Cast: Beastly Appendage |    22 |     9 |    71 ||   102
       Spider Form       |     1 |     7 |       ||     8
       Blink             |       |       |     1 ||     1
  Use: Potion            |       |       |     1 ||     1
 Stab: Sleeping          |     7 |     5 |    17 ||    29
Armor: Skin              |     3 |       |     9 ||    12
Dodge: Dodged            |    43 |    27 |   110 ||   180
Block: Buckler           |       |     3 |    55 ||    58

Table legend: (Time is in decaauts)
 A = Elapsed time spent in this place.
 B = Non-inter-level travel time spent in this place.
 C = Inter-level travel time spent in this place.
 D = Time resting spent in this place.
 E = Time spent auto-exploring this place.
 F = Levels seen in this place.
 G = Mean time per level.
                   A        B        C        D        E       F      G
               +--------+--------+--------+--------+--------+-----+--------+
         Total |   8442 |   7708 |    734 |   2630 |   2862 |   8 | 1055.2 |
       Dungeon |   8228 |   7512 |    716 |   2630 |   2862 |   7 | 1175.4 |
        Temple |    214 |    196 |     18 |      0 |      0 |   1 |  214.0 |
               +--------+--------+--------+--------+--------+-----+--------+

Top non-repeatable levels by time:
     D:1: 1663 daAuts
     D:2: 1661 daAuts
     D:6: 1363 daAuts
     D:4: 1338 daAuts
     D:3: 1067 daAuts
     D:5: 790 daAuts
     D:7: 342 daAuts
  Temple: 214 daAuts
